 Dungeon Crawl Stone Soup version 0.21-a0-531-gacddea6133 (webtiles) character file.

142 LarsimusPrime the Chopper (level 5, -1/46 HPs)
             Began as a Hill Orc Fighter on Dec 13, 2017.
             Was an Initiate of Makhleb.
             Slain by LarsimusPrime's ghost (7 damage)
             ... on level 3 of the Dungeon.
             The game lasted 00:06:04 (2187 turns).

LarsimusPrime the Chopper (Hill Orc Fighter)        Turns: 2187, Time: 00:06:05

Health: -1/46      AC:  7    Str: 25    XL:     5   Next: 25%
Magic:  0/5        EV:  7    Int:  8    God:    Makhleb [......]
Gold:   118        SH: 10    Dex: 10    Spells: 4/4 levels left

rFire    . . .     SeeInvis .   a - +0 war axe
rCold    . . .     Gourm    .   c - +0 shield
rNeg     . . .     Faith    .   b - +0 scale mail
rPois    .         Spirit   +   (no helmet)
rElec    .         Reflect  .   e - scarf {Spirit}
rCorr    .         Harm     .   (no gloves)
MR       .....                  (no boots)
Stlth    ..........             k - amulet of magic regeneration
HPRegen  0.15/turn              (no ring)
MPRegen  0.34/turn              (no ring)

@: mighty
A: no striking features
a: Renounce Religion


You were on level 3 of the Dungeon.
You worshipped Makhleb.
Makhleb was noncommittal.
You were not hungry.

You visited 1 branch of the dungeon, and saw 3 of its levels.

You collected 118 gold pieces.

Inventory:

Hand Weapons
 a - a +0 war axe (weapon)
Missiles
 m - 107 stones (quivered)
 y - a throwing net
Armour
 b - a +0 scale mail (worn)
 c - a +0 shield (worn)
 e - a scarf of spirit shield (worn)
Jewellery
 k - an amulet of magic regeneration (around neck)
 r - an uncursed ring of ice
Scrolls
 h - a scroll of remove curse {unknown}
 j - a scroll of enchant armour {unknown}
 l - 2 scrolls of identify {unknown}
 n - a scroll of random uselessness {unknown}
 q - a scroll of amnesia {unknown}
 s - a scroll of magic mapping {unknown}
 x - 2 scrolls of teleportation {unknown}
Potions
 d - a potion of might
 p - 2 potions of curing {unknown}
 t - 2 potions of degeneration {unknown}
 u - a potion of agility {unknown}
 v - a potion of heal wounds {unknown}
 z - a potion of resistance {unknown}
 A - a potion of lignification {unknown}
 B - 2 potions of haste {unknown}
 C - a potion of flight {unknown}
 D - a potion of magic {unknown}
 E - a potion of cancellation {unknown}
Comestibles
 f - 5 bread rations
 g - 4 fruits
 i - 3 royal jellies
 o - 2 meat rations


   Skills:
 + Level 4.3 Fighting
 + Level 4.5 Axes
 + Level 4.0 Armour
 - Level 0.1 Dodging
 + Level 4.5 Shields


You had 4 spell levels left.
You didn't know any spells.

Dungeon Overview and Level Annotations

Branches:
Dungeon (3/15)

Altars:
Elyvilon
Makhleb
Vehumet

Annotations:
D:3 LarsimusPrime's ghost, amateur HOFi


Message History

* * * LOW HITPOINT WARNING * * *
You block LarsimusPrime's ghost's attack.
You feel very mighty all of a sudden.
You block LarsimusPrime's ghost's attack.
You slash LarsimusPrime's ghost!
LarsimusPrime's ghost is moderately damaged.
LarsimusPrime's ghost barely misses you.
You hit LarsimusPrime's ghost.
LarsimusPrime's ghost is moderately damaged.
LarsimusPrime's ghost mumbles, "They all look like pillowcases to me..."
LarsimusPrime's ghost closely misses you.
You hit LarsimusPrime's ghost.
LarsimusPrime's ghost is heavily damaged.
LarsimusPrime's ghost hits you!
* * * LOW HITPOINT WARNING * * *
LarsimusPrime's ghost hits you.
You slash LarsimusPrime's ghost!
LarsimusPrime's ghost is heavily damaged.
LarsimusPrime's ghost hits you!
You die...

#....#### ......##.......#
....... ......##....<#.###
.......#..... #......#....
......##...# #......#....
.....##...###......#....
##...##....##......#....
...........+.......##### ..
#...@W..##+###....... #.# #..
+....#.........#####. ...
#.###....#..........####+
...#.#...#..................
..#.#.#)#...........#...... #
#.#.#.#.#...........#...... #.
#.#.#.###############....#'
#.##..........................
#......#+##...#####..†.)...##.


You could see LarsimusPrime's ghost.

Vanquished Creatures
  A crimson imp (D:3)
  3 adders
  An ooze (D:2)
  A worm (D:3)
  2 dart slugs
  2 leopard geckos (D:1)
  3 orcs (D:3)
  A ball python (D:3)
  7 bats
  A giant cockroach (D:2)
  9 goblins
  5 hobgoblins
  8 jackals (D:2)
  9 kobolds
  A quokka (D:3)
  2 frilled lizards (D:2)
  4 rats
60 creatures vanquished.

Vanquished Creatures (others)
  An orc (D:3)
1 creature vanquished.

Grand Total: 61 creatures vanquished

Notes
Turn   | Place    | Note
-------+----------+-------------------------------------------
     0 | D:1      | LarsimusPrime the Hill Orc Fighter began the quest for the Orb.
     0 | D:1      | Reached XP level 1. HP: 19/19 MP: 1/1
    52 | D:1      | Reached XP level 2. HP: 14/27 MP: 0/2
   812 | D:2      | Reached XP level 3. HP: 26/33 MP: 3/3
  1232 | D:2      | Reached XP level 4. HP: 31/40 MP: 4/4
  1621 | D:2      | Found a white marble altar of Elyvilon.
  1978 | D:3      | Found a radiant altar of Vehumet.
  2045 | D:3      | Found a burning altar of Makhleb.
  2073 | D:3      | Reached XP level 5. HP: 46/46 MP: 5/5
  2078 | D:3      | Became a worshipper of Makhleb the Destroyer
  2176 | D:3      | Noticed LarsimusPrime's ghost (amateur HOFi)
  2187 | D:3      | Slain by LarsimusPrime's ghost

Vault maps used:
D:1:      dpeg_arrival_line_fractal, minmay_pentomino_o4
D:2:      nicolae_overflow_hidden_temple
D:3:      makhleb_grotto_becter, fiery_altar_vehumet

Skill      XL: |  1  2  3  4  5 |
---------------+----------------+-----
Fighting       | 4 |  4.3
Axes           | 3 4 |  4.5
Shields        | 4 |  4.5
Armour         | 4 |  4.0
Dodging        | |  0.1

Action                   |  1- 3 |  4- 6 || total
-------------------------+-------+-------++-------
Melee: War axe           |   136 |    83 ||   219
  Use: Potion            |       |     1 ||     1
  Eat: Chunk             |     1 |     4 ||     5
Armor: Scale mail        |    79 |    21 ||   100
Dodge: Dodged            |    40 |    26 ||    66
Block: Shield            |    82 |    43 ||   125

Table legend:
 A = Spawn XP
 B = Non-spawn XP
 C = Spawn XP percentage of total XP
 D = Spawn monster count
 E = Non-spawn monster count
 F = Spawn count percentage of total count
 G = Total turns spent on level
                    A         B        C        D         E        F      G
               +---------+---------+-------+---------+---------+-------+---------
         Total |       0 |     204 |   0.0 |       0 |      60 |   0.0 |  2187
               +---------+---------+-------+---------+---------+-------+---------
           D:1 |       0 |      26 |   0.0 |       0 |      12 |   0.0 |   721
           D:2 |       0 |      69 |   0.0 |       0 |      31 |   0.0 |  1010
           D:3 |       0 |     109 |   0.0 |       0 |      17 |   0.0 |   456
               +---------+---------+-------+---------+---------+-------+---------
